 Dungeon Crawl Stone Soup version 0.29-a0-982-gaed3a0c8d8 (webtiles) character file.

Game seed: 12140251751658688878

1262 vurker the Skirmisher (level 8, -1/65 HPs)
             Began as a Formicid Hunter on Aug 1, 2022.
             Killed from afar by a steam dragon (5 damage)
             ... with a ball of steam
             ... on level 6 of the Dungeon.
             The game lasted 00:06:43 (5213 turns).

vurker the Skirmisher (Formicid Hunter)             Turns: 5213, Time: 00:06:44

Health: -1/65      AC:  7    Str: 18    XL:     8   Next: 81%
Magic:  8/8        EV: 12    Int:  9    God:
Gold:   261        SH:  0    Dex: 17    Spells: 7/7 levels left

rFire   . . .      SeeInvis +   a - +1 shortbow
rCold   . . .      Faith    .   (no shield)
rNeg    . . .      Spirit   .   j - +1 robe {Will+}
rPois   .          Reflect  .   (helmet unavailable)
rElec   .          Harm     .   (no cloak)
rCorr   .          Rampage  .   m - +0 pair of gloves
Will    +....                   l - +2 pair of boots
Stlth   ++........              c - amulet of the acrobat
HPRegen 0.20/turn               (no ring)
MPRegen 0.11/turn               (no ring)

@: studying Axes
A: permanent stasis, dig shafts and tunnels, antennae 3, four strong arms
a: Dig, Shaft Self


You were on level 6 of the Dungeon.
You visited 1 branch of the dungeon, and saw 7 of its levels.

You collected 261 gold pieces.

Inventory:

Hand Weapons
 a - a +1 shortbow (weapon)
Armour
 j - a +1 robe of willpower (worn)
   (You found it on level 2 of the Dungeon)
 l - a +2 pair of boots (worn)
   (You found it on level 4 of the Dungeon)
 m - a +0 pair of gloves (worn)
   (You found it on level 3 of the Dungeon)
Jewellery
 c - an amulet of the acrobat (around neck)
   (You found it on level 4 of the Dungeon)
Wands
 r - a wand of mindburst (10)
   (You found it on level 6 of the Dungeon)
Scrolls
 b - 5 scrolls of immolation
 p - a scroll of magic mapping
Potions
 d - a potion of flight
 e - a potion of magic {unknown}
 f - a potion of mutation
 g - 2 potions of lignification
 h - a potion of attraction {unknown}
 i - 3 potions of curing
 k - a potion of invisibility {unknown}
 n - a potion of might {unknown}
 o - a potion of heal wounds {unknown}
 q - 2 potions of ambrosia {unknown}


   Skills:
 + Level 6.6 Fighting
 * Level 9.2 Ranged Weapons
 - Level 1.7 Dodging
 - Level 1.2 Stealth


You had 7 spell levels left.
You didn't know any spells.
Your spell library contained the following spells:

 Spells                   Type           Power      Damage    Failure   Level
 Apportation              Tloc           0%         N/A       38%         1
 Necrotise                Necr           0%         1d4       38%         1
 Sting                    Tmut/Pois      0%         1d3       38%         1
 Summon Small Mammal      Summ           0%         N/A       38%         1
 Poisonous Vapours        Pois/Air       0%         N/A       52%         2
 Ozocubu's Armour         Ice            0%         N/A       77%         3
 Tukima's Dance           Hex            0%         N/A       77%         3
 Olgreb's Toxic Radiance  Pois           0%         N/A       99%         4
 Passage of Golubria      Tloc           0%         N/A       99%         4
 Yara's Violent Unravell  Hex/Tmut       0%         3d3       100%        5
 Ozocubu's Refrigeration  Ice            0%         4d7       100%        7


Dungeon Overview and Level Annotations

Branches:
Dungeon (7/15)
 Temple: D:4-7

Altars:

Shops:
D:6 :


Innate Abilities, Weirdness & Mutations

You cannot be hasted, slowed, berserked, paralysed or teleported.
You can dig through walls and to a lower floor.
You have a pair of large antennae on your head. (SInv)
Your four strong arms can wield two-handed weapons with a shield.


Message History

You shoot an arrow. The arrow hits the steam dragon!
The steam dragon breathes steam at you. The ball of steam hits you!
You shoot an arrow.
The arrow closely misses the steam dragon.
You are engulfed in a cloud of scalding steam.
You shoot an arrow.
The arrow hits the steam dragon but does no damage.
You are engulfed in a cloud of scalding steam.
* * * LOW HITPOINT WARNING * * *
You are too injured to fight recklessly!
Unknown command.
Fire: a) +1 shortbow
Aim: a steam dragon (steam, heavily wounded, 68% to hit)
You shoot an arrow.
The arrow hits the steam dragon but does no damage.
Fire: a) +1 shortbow
Aim: a steam dragon (steam, heavily wounded, 68% to hit)
You shoot an arrow.
The arrow barely misses the steam dragon.
Fire: a) +1 shortbow
Aim: a steam dragon (heavily wounded, 68% to hit)
You shoot an arrow.
The arrow hits the steam dragon but does no damage.
The steam dragon breathes steam at you. The ball of steam hits you!
* * * LOW HITPOINT WARNING * * *
Fire: a) +1 shortbow
Aim: a steam dragon (heavily wounded, catching its breath, 68% to hit)
You shoot an arrow. The arrow hits the steam dragon.
Fire: a) +1 shortbow
Aim: a steam dragon (severely wounded, catching its breath, 68% to hit)
You shoot an arrow. The arrow hits the steam dragon.
The steam dragon bites you!
* * * LOW HITPOINT WARNING * * *
The steam dragon claws you but does no damage.
Unknown command.
Fire: a) +1 shortbow
Aim: a steam dragon (severely wounded, catching its breath, 68% to hit)
You shoot an arrow. The arrow hits the steam dragon.
The steam dragon bites you!
* * * LOW HITPOINT WARNING * * *
The steam dragon barely misses you.
Fire: a) +1 shortbow
Aim: a steam dragon (almost dead, 68% to hit)
You shoot an arrow.
The arrow completely misses the steam dragon.
The steam dragon breathes steam at you. The ball of steam hits you.
You die...

##...............####....#
###....................# #
###...............<..#
#####............>.#..
..##...........[...# .
...................#
............##.....#
#..........####.D..#
##.........# ##@..#
..........## #..##
..........# ####
>........## ######...#
#...# #...# #...# #...##


You could see a steam dragon (catching breath).

Vanquished Creatures
  An ice beast (D:5)
  2 ogres (D:5)
  A bullfrog (D:5)
  A necrophage (D:5)
  4 scorpions
  2 howler monkeys (D:5)
  5 hounds
  3 jellies
  An orc priest (D:5)
  3 iguanas (D:5)
  An orc wizard (D:5)
  A gnoll (D:2)
  6 adders
  2 white imps
  An ufetubus (D:5)
  4 worms
  4 dart slugs
  10 orcs
  7 ball pythons
  8 bats
  8 endoplasms
  3 giant cockroaches
  2 goblins (D:2)
  7 hobgoblins
  2 quokkas
  3 frilled lizards
  5 kobolds
  6 rats
103 creatures vanquished.

Notes
Turn   | Place    | Note
-------+----------+-------------------------------------------
     0 | D:1      | vurker the Formicid Hunter began the quest for the Orb.
     0 | D:1      | Reached XP level 1. HP: 16/16 MP: 1/1
    46 | D:1      | Reached XP level 2. HP: 19/23 MP: 2/2
   266 | D:1      | Reached XP level 3. HP: 28/28 MP: 3/3
   691 | D:2      | Reached XP level 4. HP: 35/35 MP: 4/4
   745 | D:2      | Reached skill level 5 in Ranged Weapons
  1567 | D:3      | Reached XP level 5. HP: 41/41 MP: 5/5
  2656 | D:4      | Reached skill level 6 in Ranged Weapons
  2656 | D:4      | Reached XP level 6. HP: 48/48 MP: 6/6
  3167 | D:5      | Entered Level 5 of the Dungeon
  3197 | D:5      | Noticed an ogre
  3219 | D:5      | Killed an ogre
  3453 | D:5      | Reached skill level 7 in Ranged Weapons
  3453 | D:5      | Reached XP level 7. HP: 50/55 MP: 7/7
  3467 | D:5      | Reached skill level 5 in Fighting
  3667 | D:5      | Reached XP level 8. HP: 42/63 MP: 8/8
  3680 | D:5      | Reached skill level 8 in Ranged Weapons
  3746 | D:5      | You fall into a shaft and drop 2 floors!
  4433 | D:6      | Found Zuafiy's Book Emporium.
  4798 | D:5      | Reached skill level 9 in Ranged Weapons
  5213 | D:6      | Killed from afar by a steam dragon

Illustrated notes

Levels and vault maps discovered:
D:1:      evilmike_arrival_crescent, layout_basic, minmay_close_crescents
D:2:      layout_rooms, st_stairs_11, minmay_diced_spiral
D:3:      layout_basic, hangedman_decor_peaks_small
D:4:      layout_basic
D:5:      layout_rooms, minmay_manual_moon
D:6:      layout_layer_cave, minmay_temple_entry_purple_smoke, serial_shops,
          shop
D:7:      layout_loops_ring

Skill      XL: |  1  2  3  4  5  6  7  8 |
---------------+-------------------------+-----
Fighting       | 3 4 5 6 |  6.6
Ranged Weapons | 5 6 7 9 |  9.2
Dodging        | |  1.7
Stealth        | |  1.2

Action                   |  1- 3 |  4- 6 |  7- 9 || total
-------------------------+-------+-------+-------++-------
 Fire: Shortbow          |    80 |   171 |   159 ||   410
 Abil: Dig               |       |       |     1 ||     1
       Shaft Self        |       |       |     1 ||     1
  Use: Scroll            |       |    14 |       ||    14
Armor: Leather armour    |     9 |       |       ||     9
       Robe              |       |    16 |    21 ||    37
Dodge: Dodged            |    33 |    48 |    60 ||   141

Table legend: (Time is in decaauts)
 A = Elapsed time spent in this place.
 B = Non-inter-level travel time spent in this place.
 C = Inter-level travel time spent in this place.
 D = Time resting spent in this place.
 E = Time spent auto-exploring this place.
 F = Levels seen in this place.
 G = Mean time per level.
                   A        B        C        D        E       F      G
               +--------+--------+--------+--------+--------+-----+--------+
         Total |   5290 |   5060 |    230 |    280 |   3854 |   7 |  755.7 |
       Dungeon |   5290 |   5060 |    230 |    280 |   3854 |   7 |  755.7 |
               +--------+--------+--------+--------+--------+-----+--------+

Top non-repeatable levels by time:
     D:5: 1117 daAuts
     D:4: 912 daAuts
     D:3: 898 daAuts
     D:2: 789 daAuts
     D:1: 625 daAuts
     D:6: 590 daAuts
     D:7: 355 daAuts
